 Dungeon Crawl Stone Soup version 0.30-a0-1074-g5db6f66fbb (webtiles) character file.

Game seed: 5508393845702593422

177 KristoblXynda the Slasher (level 5, -2/45 HPs)
             Began as a Draconian Gladiator on Apr 14, 2023.
             Slain by an orc
             ... wielding a +0 mace
              (7 damage)
             ... on level 3 of the Dungeon.
             The game lasted 00:02:41 (2431 turns).

KristoblXynda the Slasher (Draconian Gladiator)     Turns: 2431, Time: 00:02:41

Health: -2/45      AC:  6    Str: 14    XL:     5   Next: 31%
Magic:  5/5        EV: 13    Int: 10    God:
Gold:   189        SH:  0    Dex: 13    Spells: 4/4 levels left

rFire   . . .      SeeInvis .    a - +0 long sword
rCold   . . .      Faith    .    (no shield)
rNeg    . . .      Spirit   .    (body armour unavailable)
rPois   .          Reflect  .    b - +0 hat
rElec   .          Rampage  .    f - +0 cloak
rCorr   .                        (no gloves)
Will    .....                    (no boots)
Stlth   +                        (no amulet)
HPRegen 0.27/turn                (no ring)
MPRegen 0.09/turn                (no ring)

@: no status effects
A: AC +5, unfitting armour, cold-blooded, weak 1
a: no special abilities


You were on level 3 of the Dungeon.
You visited 1 branch of the dungeon, and saw 3 of its levels.

You collected 189 gold pieces.

Inventory:

Hand Weapons
 a - a +0 long sword (weapon)
Missiles
 c - 3 throwing nets (quivered)
 d - a javelin
Armour
 b - a +0 hat (worn)
 f - a +0 cloak (worn)
Jewellery
 n - a ring of magical power
Scrolls
 e - a scroll of immolation {unknown}
 g - a scroll of identify {unknown}
 h - 2 scrolls of fear {unknown}
 i - a scroll of noise {unknown}
 j - a scroll of poison {unknown}
 l - a scroll of silence {unknown}
 m - a scroll of amnesia {unknown}
 o - 2 scrolls of teleportation {unknown}
 p - a scroll of acquirement {unknown}
Potions
 k - a potion of berserk rage


   Skills:
 + Level 3.5 Fighting
 + Level 4.0 Long Blades
 + Level 2.9 Throwing
 + Level 3.5 Dodging


You had 4 spell levels left.
You didn't know any spells.
Your spell library contained the following spells:

 Spells                   Type           Power      Damage    Failure   Level
 Shock                    Conj/Air       0%         1d3       36%         1
 Swiftness                Air            0%         N/A       75%         3
 Airstrike                Air            0%         2d(0-16)  98%         4


Dungeon Overview and Level Annotations

Branches:
Dungeon (3/15)

Altars:


Innate Abilities, Weirdness & Mutations

Your plain brown scales are hard. (AC +5)
You cannot fit into any form of body armour.
You are cold-blooded and may be slowed by cold attacks.
You are weak. (Str -2)


Message History

You are too injured to fight recklessly!
You are too injured to fight recklessly!
You are too injured to fight recklessly!
You are too injured to fight recklessly!
You are too injured to fight recklessly!
You are too injured to fight recklessly!
You are too injured to fight recklessly!
Unknown command.
You feel sick.
You barely miss the orc.
You feel very sick. The orc hits you but does no damage.
The orc attacks as you move away! The orc hits you but does no damage.
You feel sick.
You hit the orc.
The orc is moderately wounded.
You feel sick. The orc barely misses you.
You hit the orc.
Your tail-slap misses the orc.
The orc is almost dead.
You feel sick. The orc barely misses you.
You hit the orc but do no damage.
The orc is almost dead.
You feel sick. The orc barely misses you.
You hit the orc.
You kill the orc!
You feel sick. The orc hits you with a +0 mace.
* * * LOW HITPOINT WARNING * * *
You hit the orc.
The orc is lightly wounded.
You feel sick.
You are no longer poisoned.
The orc closely misses you.
You closely miss the orc.
You tail-slap the orc, but do no damage.
The orc is lightly wounded.
The orc barely misses you.
You closely miss the orc. You punch the orc, but do no damage.
The orc is lightly wounded.
The orc hits you with a +0 mace!
You die...

......########'####.........#####
#................##...)..........
#................##...###........
#................##...# #........
#............#+#####'## #........
#............#.#####.# #........
#...........#..).....# #........
#...........+..##########........
#...........##.o@......##........
#########.########## #.##########
#........... # #..#.#.###.# #
#..#.#.#...# # #######
#..###.###.# # #.....# #...
....... # #.###.# #...........


You could see an orc.

Vanquished Creatures
  An orc wizard (D:3)
  Robin (D:2)
  2 adders (D:3)
  3 worms (D:2)
  3 dart slugs
  10 orcs (D:3)
  2 ball pythons (D:1)
  10 endoplasms
  5 giant cockroaches
  14 goblins
  7 hobgoblins
  5 jackals (D:2)
  7 kobolds
  2 quokkas (D:2)
  4 bats
  7 frilled lizards
  8 rats
91 creatures vanquished.

Notes
Turn   | Place    | Note
-------+----------+-------------------------------------------
     0 | D:1      | KristoblXynda the Draconian Gladiator began the quest for
                  | the Orb.
     0 | D:1      | Reached XP level 1. HP: 17/17 MP: 1/1
   101 | D:1      | Reached XP level 2. HP: 20/25 MP: 2/2
   427 | D:1      | Reached XP level 3. HP: 30/30 MP: 3/3
  1168 | D:2      | Reached XP level 4. HP: 38/38 MP: 4/4
  1247 | D:2      | Noticed Robin
  1263 | D:2      | Gained mutation: You are weak. (Str -2) [potion of
                  | mutation]
  1534 | D:2      | Killed Robin
  1885 | D:3      | Found a faded altar of an unknown god.
  2160 | D:3      | Reached XP level 5. HP: 34/45 MP: 5/5
  2422 | D:3      | Reached skill level 4 in Long Blades
  2431 | D:3      | Slain by an orc

Illustrated notes

Levels and vault maps discovered:
D:1:      amcnicky_arrival_wind_blow, layout_basic, minmay_misc_feat_pillars,
          st_stairs_2, minmay_box_of_dots
D:2:      layout_loops_cross, uniq_robin
D:3:      layout_basic, dreamdust_ecumenical_altar_statues,
          hangedman_feature_mirror, chequers_serial_rivers_small_b,
          minmay_misc_feat_nine_boxes

Skill      XL: |  1  2  3  4  5 |
---------------+----------------+-----
Throwing       | 2 |  2.9
Dodging        | 3 |  3.5
Fighting       | 3 |  3.5
Long Blades    | 4 |  4.0

Action                     |  1- 3 |  4- 6 || total
---------------------------+-------+-------++-------
  Melee: Long sword        |   127 |   124 ||   251
         Tailslap          |    15 |    19 ||    34
         Punch             |       |     1 ||     1
    Use: Potion            |       |     3 ||     3
   Stab: Sleeping          |     1 |       ||     1
 Armour: Skin              |    46 |    59 ||   105
  Dodge: Dodged            |    75 |   112 ||   187

Table legend: (Time is in decaauts)
 A = Elapsed time spent in this place.
 B = Non-inter-level travel time spent in this place.
 C = Inter-level travel time spent in this place.
 D = Time resting spent in this place.
 E = Time spent auto-exploring this place.
 F = Levels seen in this place.
 G = Mean time per level.
                   A        B        C        D        E       F      G
               +--------+--------+--------+--------+--------+-----+--------+
         Total |   2495 |   2471 |     24 |    427 |   1471 |   3 |  831.7 |
       Dungeon |   2495 |   2471 |     24 |    427 |   1471 |   3 |  831.7 |
               +--------+--------+--------+--------+--------+-----+--------+

Top non-repeatable levels by time:
     D:1: 1013 daAuts
     D:2: 918 daAuts
     D:3: 563 daAuts
